 Dungeon Crawl Stone Soup version 0.17-a0-755-g4391640 (webtiles) character file.

768 oplop the Gusty (level 7, -2/36 HPs)
             Began as a Tengu Air Elementalist on Apr 22, 2015.
             Slain by a giant frog zombie (3 damage)
             ... on level 5 of the Dungeon.
             The game lasted 00:19:02 (5520 turns).

oplop the Gusty (Tengu Air Elementalist)            Turns: 5520, Time: 00:19:03

Health: -2/36      AC:  3    Str:  9    XL:     7   Next: 82%
Magic:  2/14       EV: 14    Int: 17    God:
Gold:   323        SH:  0    Dex: 14    Spells: 4 memorised, 6 levels left

rFire  . . .     SeeInvis .     e - +2 dagger (drain)
rCold  . . .     Clarity  .     a - +0 robe
rNeg   . . .     SustAb   .     (no shield)
rPois  .         Gourm    .     (helmet restricted)
rElec  .         Spirit   .     p - +0 cloak
rCorr  .         Warding  .     (no gloves)
rMut   .         Stasis   .     (boots unavailable)
MR     .....                    (no amulet)
Stlth  ++........               (no ring)
                                (no ring)

@: swift, quick, not resistant to hostile enchantments, unstealthy
A: beak, talons 3, able to fly 1
a: Fly


You were on level 5 of the Dungeon.
You were not hungry.

You visited 1 branch of the dungeon, and saw 5 of its levels.

You collected 323 gold pieces.

Inventory:

Hand weapons
 e - a +2 dagger of draining (weapon)
 o - a +2 dagger of flaming
Armour
 a - a +0 robe (worn)
 p - a +0 cloak (worn)
Magical devices
 t - a wand of flame (19)
Scrolls
 d - 3 scrolls of identify
 f - 2 scrolls of remove curse
 g - a scroll of fear
 k - 2 scrolls of teleportation
 l - a scroll of recharging
 n - a scroll of enchant weapon {unknown}
Potions
 h - 2 potions of might
 i - a potion of restore abilities {unknown}
 m - a potion of resistance {unknown}
 q - a potion of agility {unknown}
 r - a potion of magic {unknown}
 u - a potion of cure mutation {unknown}
Books
 b - a book of Air

   Spells                             Type                      Level
   a - Shock                          Conjuration/Air              1
   b - Swiftness                      Charms/Air                   2
   c - Repel Missiles                 Charms/Air                   2
   d - Flight                         Charms/Air                   3
   e - Static Discharge               Conjuration/Air              3
   f - Lightning Bolt                 Conjuration/Air              5
Comestibles
 c - 4 bread rations
 j - 2 meat rations
 s - 2 fruits
 v - a chunk of flesh


   Skills:
 + Level 4.7 Dodging
 - Level 2.0 Stealth
 + Level 4.4 Spellcasting
 + Level 5.8 Conjurations
 + Level 6.5 Air Magic


You had 6 spell levels left.
You knew the following spells:

 Your Spells              Type           Power        Failure   Level  Hunger
a - Shock                 Conj/Air       ###.         1%          1    None
b - Repel Missiles        Chrm/Air       ##....       10%         2    ##.....
c - Static Discharge      Conj/Air       ###.....     4%          3    ###....
d - Swiftness             Chrm/Air       ##......     10%         2    ##.....


Dungeon Overview and Level Annotations

Branches:
Dungeon (5/15)
 Temple: D:4-7

Altars:

Annotations:
D:2 Natasha, Sigmund
D:4 Pikel


Innate Abilities, Weirdness & Mutations

You have a beak for a mouth.
You have claws for feet.
You can fly.


Message History

Evoking this partially-identified wand wasted a few charges.
The giant frog zombie barely misses you.
The giant frog zombie closely misses you.
Evoke which item? (* to show all) (? for menu, Esc to quit)
Zapping:
t - a wand of flame {zapped: 5} (will waste charges)
Press: ? - help, Shift-Dir - straight line, f/p - giant frog zombie
Aim: a giant frog zombie The puff of flame hits the giant frog zombie.
Evoking this partially-identified wand wasted a few charges.
The giant frog zombie hits you.
* * * LOW HITPOINT WARNING * * *
The goblin barely misses you. The giant frog zombie hits you.
* * * LOW HITPOINT WARNING * * *
Casting: Static Discharge
Confirm with . or Enter, or press ? or * to list all spells.
You feel quick. The giant frog zombie hits you.
* * * LOW HITPOINT WARNING * * *
The giant frog zombie hits you.
You die...

#.##.........(.
#..............
#..#..#.....
#.......#
#..#..#.# #..#..#
#######..#..#.###.
#.Z.g.............
#@#####...........
#.##..............
#.##.###.#.##..#..
#.#.8.##.#.# ..#
#..)...#.#.# #.#
#.8...8..... .
##........#.#.
#....<........
#...........#.


You could see a giant frog zombie and a goblin.

Vanquished Creatures
  A slave (D:4)
  4 big kobolds (D:3)
  A centaur (D:5)
  2 orc priests (D:3)
  2 hounds (D:4)
  4 worker ants
  2 hound skeletons (D:4)
  2 gnolls (D:3)
  An adder (D:2)
  An adder skeleton (D:4)
  3 worms
  7 orcs
  A ball python (D:1)
  11 bats
  5 giant cockroaches
  7 hobgoblins
  42 kobolds
  3 quokkas
  4 giant geckos (D:4)
  3 giant newts (D:3)
  12 goblins
  15 jackals
  7 rats
140 creatures vanquished.

Notes
Turn   | Place    | Note
--------------------------------------------------------------
     0 | D:1      | oplop, the Tengu Air Elementalist, began the quest for the Orb.
     0 | D:1      | Reached XP level 1. HP: 10/10 MP: 4/4
   138 | D:1      | Reached XP level 2. HP: 15/15 MP: 3/6
   170 | D:1      | Learned a level 2 spell: Repel Missiles
   575 | D:1      | Reached XP level 3. HP: 19/19 MP: 1/7
   868 | D:2      | Learned a level 3 spell: Static Discharge
   914 | D:2      | Noticed Natasha
  1110 | D:2      | Noticed Sigmund
  1236 | D:2      | Reached XP level 4. HP: 24/24 MP: 0/9
  2018 | D:3      | Learned a level 2 spell: Swiftness
  2273 | D:3      | Noticed a big kobold
  2304 | D:3      | Killed a big kobold
  2304 | D:3      | Reached skill level 5 in Air Magic
  2304 | D:3      | Gained mutation: You can fly. [Tengu growth]
  2304 | D:3      | Reached XP level 5. HP: 14/28 MP: 0/10
  2914 | D:3      | Noticed a big kobold
  2930 | D:3      | Killed a big kobold
  2930 | D:3      | Reached XP level 6. HP: 14/32 MP: 0/12
  3047 | D:3      | Noticed a big kobold
  3047 | D:3      | Noticed a big kobold
  3190 | D:3      | Killed a big kobold
  3733 | D:3      | Reached XP level 7. HP: 31/36 MP: 1/13
  3805 | D:3      | Noticed a big kobold
  3811 | D:3      | Killed a big kobold
  3811 | D:3      | Reached skill level 5 in Conjurations
  3811 | D:3      | Reached skill level 6 in Air Magic
  4588 | D:4      | Noticed Pikel
  5402 | D:5      | Entered Level 5 of the Dungeon
  5515 | D:5      | HP: 1/36 [giant frog zombie (6)]
  5520 | D:5      | Slain by a giant frog zombie

Action                   |  1- 3 |  4- 6 |  7- 9 || total
-------------------------+-------+-------+-------++-------
Melee: Dagger            |    31 |    80 |    60 ||   171
 Cast: Shock             |    61 |    77 |    52 ||   190
       Static Discharge  |       |    14 |    22 ||    36
       Repel Missiles    |       |     2 |       ||     2
       Swiftness         |       |       |     2 ||     2
 Abil: Fly               |       |     2 |       ||     2
Evoke: Wand              |       |       |     2 ||     2
  Use: Scroll            |       |     9 |       ||     9
 Stab: Sleeping          |     1 |     2 |       ||     3
  Eat: Chunk             |     1 |     4 |     7 ||    12
       Pizza             |       |     1 |       ||     1
       Meat ration       |       |     1 |       ||     1
